[Event "*** SCC Grand Prix: Titled Tuesday Blitz"]
[Site "Chess.com"]
[Date "2020.10.13"]
[Round "1"]
[White "Stouuf"]
[Black "VladaSviridova"]
[Result "1-0"]
[WhiteElo "2591"]
[BlackElo "2252"]
[TimeControl "180+1"]
[EndTime "10:06:14 PDT"]
[Termination "Stouuf won by resignation"]

1. e4 e6 2. d4 d5 3. Nd2 c5 4. Ngf3 cxd4 5. Nxd4 Nc6 6. Bb5 Bd7 7. Nxc6 bxc6 8. Bd3 Bd6 9. O-O Ne7 10. Nf3 e5 11. Re1 d4 12. Ng5 O-O 13. Qh5 h6 14. Nxf7 Rxf7 15. Bc4 Qf8 16. f4 g6 17. Bxf7+ Kxf7 18. Qh4 Kg8 19. fxe5 Bxe5 20. Bxh6 Qf7 21. Rf1 Qe6 22.
Bg5 d3 23. Bxe7 Bxb2 24. Bf6 Bxf6 25. Qxf6 Qxf6 26. Rxf6 dxc2 27. Rc1 Re8 28. Rxc2 Rxe4 29. Rxg6+ Kf7 30. Rg3 Re1+ 31. Kf2 Ra1 32. Rf3+ Ke7 33. Re3+ Kd8 34. Rd2 Kc8 35. Ra3 Be6 36. Rxa7 Bd5 37. Re2 Kb8 38. Rg7 Rxa2 39. Rxa2 Bxa2 40. h4 c5 41. Ke3 Bd5 42. h5 1-0

[Event "*** SCC Grand Prix: Titled Tuesday Blitz"]
[Site "Chess.com"]
[Date "2020.10.13"]
[Round "1"]
[White "HemantSharma"]
[Black "Jospem"]
[Result "0-1"]
[WhiteElo "2481"]
[BlackElo "2948"]
[TimeControl "180+1"]
[EndTime "10:06:15 PDT"]
[Termination "Jospem won by resignation"]

1. e4 c5 2. Nc3 Nc6 3. g3 g6 4. Bg2 Bg7 5. d3 d6 6. Nge2 e6 7. O-O Nge7 8. Bg5 h6 9. Be3 Nd4 10. Qd2 Nec6 11. Nc1 Nb4 12. Bxd4 Bxd4 13. N1e2 Bg7 14.
f4 O-O 15. g4 Nc6 16. Kh1 Bd7 17. f5 Ne5 18. Qf4 Re8 19. f6 Bf8 20. Rad1 Rc8 21. Ng3 Qb6 22. Rb1 c4 23. dxc4 Nxc4 24. g5 Qe3 25.
Qxe3 Nxe3 26. Rfe1 Nxc2 27. Re2 Nd4 28. Rd2 Nb5 29.
Nxb5 Bxb5 30. h4 hxg5 31. hxg5 Rc5 0-1

[Event "*** SCC Grand Prix: Titled Tuesday Blitz"]
[Site "Chess.com"]
[Date "2020.10.13"]
[Round "1"]
[White "hungrycaterpillar4"]
[Black "garicradomir"]
[Result "1-0"]
[WhiteElo "2700"]
[BlackElo "2354"]
[TimeControl "180+1"]
[EndTime "10:06:15 PDT"]
[Termination "hungrycaterpillar4 won on time"]

1. Nf3 Nf6 2. b3 g6 3. Bb2 Bg7 4. d4 O-O 5. e3 d6 6. Be2 Nc6 7. O-O e5 8. dxe5 Ng4 9. c4 Ngxe5 10. Nxe5 Nxe5 11. Qd2 a5 12. Nc3 b6 13. Rad1 Bb7 14. f4 Nd7 15. e4 Nc5 16. Bf3 Qh4 17. g3 Qe7 18. Rfe1 Rae8 19. Nd5 Bxd5 20. Bxg7 Kxg7 21. Qxd5 Qf6 22. Qd2 Re7 23. Re2 Rfe8 24. Rde1 h5 25. h4 Re6 26. Kg2 Qe7 27. Qd4+ f6 28. f5 gxf5 29. Bxh5 Nxe4 30. Bxe8 Qxe8 31. Qd5 Re5 32. Qb7 Qf7 33. Rxe4 fxe4 34. Rxe4 Kh6 35. Rxe5 fxe5 36. Qe4 Qg6 37. Kf3 Qxe4+ 38. Kxe4 Kh5 39. Kf5 c6 40. a4 Kh6 41. g4 Kg7 42. g5 b5 43. cxb5 cxb5 44.
axb5 1-0

[Event "*** SCC Grand Prix: Titled Tuesday Blitz"]
[Site "Chess.com"]
[Date "2020.10.13"]
[Round "1"]
[White "Malev212"]
[Black "MisiekZielony"]
[Result "0-1"]
[WhiteElo "2537"]
[BlackElo "2246"]
[TimeControl "180+1"]
[EndTime "10:06:15 PDT"]
[Termination "MisiekZielony won by resignation"]

1. a3 d5 2. e3 g6 3. Nf3 Bg7 4.
c4 Nf6 5. d4 O-O 6. Nc3 c6 7.
h3 Ne4 8. Bd3 Nxc3 9. bxc3 b6 10. cxd5 cxd5 11. c4 Bb7 12. O-O Nc6 13. cxd5 Qxd5 14. Bb2 Na5 15. Qe2 Rfc8 16. e4 Qb3 17. Rab1 a6 18. d5 Bxb2 19. Rxb2 Qxa3 20. Rxb6 Rc3 21.
Bxa6 Bxa6 22. Rxa6 Rb8 23. Ne5 Qb4 24. Rd1 Rb5 25. Qf3 Rxf3 26. gxf3 Qc3 27. Nc6 Nxc6 28.
Rxc6 Qb3 29. Rdc1 Qxf3 0-1

[Event "*** SCC Grand Prix: Titled Tuesday Blitz"]
[Site "Chess.com"]
[Date "2020.10.13"]
[Round "1"]
[White "bakki78"]
[Black "Eliwood44"]
[Result "1-0"]
[WhiteElo "2756"]
[BlackElo "2389"]
[TimeControl "180+1"]
[EndTime "10:06:16 PDT"]
[Termination "bakki78 won by resignation"]

1. e4 e5 2. Nf3 Nc6 3. d4 exd4 4. Nxd4 Qf6 5. Be3 Bc5 6. c3 Nge7 7. Nc2 Bb6 8. g3 h5 9. Bg2 h4 10. Nd2 Ne5 11.
Qe2 h3 12. Bf1 d5 13. f4 Ng4 14. e5 Qg6 15. Bxb6 axb6 16. Nd4 c5 17. Nb5 O-O 18.
Nd6 Be6 19. Bxh3 Nxe5 20. Qxe5 Bxh3 21. Qxe7 Rad8 22. O-O-O Rxd6 23. Rhe1 Bg4 24. Nc4 Rdd8 25. Ne5 Qh5 26. Rd2 Bf5 27. Qxb7 Be4 28. Nc6 Ra8 29. a3 Qf3 30. Ne7+ Kh8 31. Qd7 g6 32.
Qd6 Kg7 33. Nxd5 Rad8 34. Qe5+ Kh6 35. Qxe4 1-0

[Event "*** SCC Grand Prix: Titled Tuesday Blitz"]
[Site "Chess.com"]
[Date "2020.10.13"]
[Round "1"]
[White "Legendinunknown"]
[Black "ViktoriyaTarasova"]
[Result "1-0"]
[WhiteElo "2594"]
[BlackElo "2260"]
[TimeControl "180+1"]
[EndTime "10:06:17 PDT"]
[Termination "Legendinunknown won by checkmate"]

1. d4 Nf6 2. c4 e6 3. Nc3 Bb4 4. f3 c5 5. d5 O-O 6. e4 d6 7. Bd3 a6 8. Ne2 exd5 9. cxd5 b5 10. O-O Nbd7 11. Bg5 h6 12. Bh4 c4 13. Bc2 Bc5+ 14.
Kh1 Qc7 15. Nd4 Bb7 16. Nf5 h5 17. f4 g6 18. Ng3 Ng4 19. Qf3 Rae8 20. Rae1 Bd4 21.
h3 Nh6 22. Nxh5 gxh5 23. Qxh5 Bg7 24. Bg5 b4 25. Bxh6 Bxh6 26. Qxh6 bxc3 27. Rf3 f6 28. Rg3+ Kf7 29. Qh7# 1-0

[Event "*** SCC Grand Prix: Titled Tuesday Blitz"]
[Site "Chess.com"]
[Date "2020.10.13"]
[Round "1"]
[White "MatyChess1"]
[Black "pirulillo"]
[Result "1-0"]
[WhiteElo "2573"]
[BlackElo "2242"]
[TimeControl "180+1"]
[EndTime "10:06:17 PDT"]
[Termination "MatyChess1 won on time"]

1. e4 c5 2. Nf3 e6 3. g3 Nc6 4. Bg2 d6 5. O-O Nf6 6. Qe2 Be7 7. c3 O-O 8. d4 cxd4 9. cxd4 d5 10. e5 Nd7 11. Rd1 f6 12. exf6 Nxf6 13. Nc3 Re8 14. Bf4 Bd6 15. Ne5 Bxe5 16. Bxe5 Nxe5 17. Qxe5 Bd7 18. Ne2 Qb8 19. Qe3 Qd6 20. Nf4 Bc6 21. Re1 Rad8 22. Bh3 Ne4 23. Rac1 e5 24. Nd3 exd4 25.
Qxd4 Rf8 26. Bg2 a6 27. Rc2 Qh6 28. Nb4 Kh8 29. Qe3 Qxe3 30. Rxe3 Nf6 31. Nxc6 1-0

[Event "*** SCC Grand Prix: Titled Tuesday Blitz"]
[Site "Chess.com"]
[Date "2020.10.13"]
[Round "1"]
[White "TimofeevAr"]
[Black "realmadridtv"]
[Result "1-0"]
[WhiteElo "2800"]
[BlackElo "2408"]
[TimeControl "180+1"]
[EndTime "10:06:18 PDT"]
[Termination "TimofeevAr won by resignation"]

1. e4 e5 2. Nf3 Nc6 3. Bb5 a6 4. Ba4 Nf6 5. O-O Nxe4 6. d4 Be7 7. dxe5 Nc5 8. Bxc6 dxc6 9. Qe2 Bg4 10. Nc3 O-O 11. h3 Bh5 12. Be3 Qc8 13. Rad1 Ne6 14. Ne4 Rd8 15. Ng3 Bg6 16. Nh2 Rxd1 17. Rxd1 Bc5 18. Bxc5 Nxc5 19. f4 Bf5 20. Nf3 Be6 21. b3 Qe8 22.
Nd4 Rd8 23. f5 Bc8 24. c3 Nd7 25. Re1 c5 26. Nf3 b6 27. e6 fxe6 28. fxe6 Nf6 29.
Nf5 Rd5 30. g4 h5 31. c4 Rd8 32. g5 Nh7 33. e7 Rd7 34. Qe5 Nf6 35. gxf6 Qg6+ 36.
Kh2 Rd2+ 37. Nxd2 1-0

[Event "*** SCC Grand Prix: Titled Tuesday Blitz"]
[Site "Chess.com"]
[Date "2020.10.13"]
[Round "1"]
[White "kreonx"]
[Black "mitrabhaa"]
[Result "0-1"]
[WhiteElo "2342"]
[BlackElo "2673"]
[TimeControl "180+1"]
[EndTime "10:06:18 PDT"]
[Termination "mitrabhaa won on time"]

1. e4 c5 2. c4 Nc6 3. Nc3 g6 4. g3 Bg7 5. Bg2 d6 6. Nge2 e6 7. O-O Nge7 8. Rb1 O-O 9. a3 b6 10. b4 Bb7 11. d3 Nd4 12. Nxd4 Bxd4 13. Ne2 Bg7 14. Bb2 Bxb2 15. Rxb2 e5 16. f4 Nc6 17. f5 Qg5 18. Qc1 Qxc1 19. Rxc1 f6 20. b5 Ne7 21. fxg6 hxg6 22. Nc3 Kg7 23. a4 a6 24.
bxa6 Rxa6 25. a5 Rxa5 26. Rxb6 Bc6 27. Rcb1 Rfa8 28. Bh3 Ra1 29. Be6 Rxb1+ 30. Rxb1 Ra3 31. Nd5 Bxd5 32. exd5 f5 33. Rb7 Kf6 34. Rd7 Ra6 35.
Kf2 g5 36. h4 gxh4 37. gxh4 e4 38. dxe4 fxe4 39. Kg3 Ng6 0-1

[Event "*** SCC Grand Prix: Titled Tuesday Blitz"]
[Site "Chess.com"]
[Date "2020.10.13"]
[Round "1"]
[White "ehrenfeld"]
[Black "Indianlad"]
[Result "0-1"]
[WhiteElo "2472"]
[BlackElo "2916"]
[TimeControl "180+1"]
[EndTime "10:06:19 PDT"]
[Termination "Indianlad won on time"]

1. e4 e5 2. Nc3 d6 3. Bc4 c6 4. d3 Nf6 5. Bb3 Nbd7 6. f4 Nc5 7.
Nf3 exf4 8. Bxf4 a5 9. e5 dxe5 10. Nxe5 Nxb3 11. axb3 Bc5 12. Qf3 O-O 13. O-O-O a4 14.
Nxa4 Bd4 15. c3 Ba7 16. d4 Be6 17. c4 Bxd4 18. Bg5 Rxa4 19. bxa4 Qb6 20. Rxd4 Qxd4 21. Bxf6 gxf6 22. Qxf6 Qe3+ 23. Kb1 Ra8 24. Rd1 h6 25. Rd8+ Rxd8 26. Qxd8+ Kg7 27. Qd6 Qg1+ 28. Ka2 Qxh2 29.
Qd4 c5 30. Qc3 Kf8 31. Nf3 Qxg2 32. Qf6 Bxc4+ 33. Ka3 Qg6 34. Qd8+ Kg7 35. Ne5 Qg3+ 0-1

[Event "*** SCC Grand Prix: Titled Tuesday Blitz"]
[Site "Chess.com"]
[Date "2020.10.13"]
[Round "1"]
[White "wonderfultime"]
[Black "Grieve72"]
[Result "1-0"]
[WhiteElo "2921"]
[BlackElo "2472"]
[TimeControl "180+1"]
[EndTime "10:06:20 PDT"]
[Termination "wonderfultime won by checkmate"]

1. d4 f5 2. Nf3 Nf6 3. g3 g6 4.
Bg2 Bg7 5. O-O O-O 6. c4 d6 7. Nc3 c6 8. b3 Na6 9. Ba3 Nc7 10. Qc2 Rb8 11. Bb2 Qe8 12. Rad1 e5 13. dxe5 dxe5 14. Ba3 Rf7 15. Bd6 Nh5 16. c5 Ra8 17. b4 e4 18.
Ng5 Rd7 19. Qb3+ Kh8 20. Rfe1 Nf6 21. f3 e3 22. f4 a5 23. bxa5 Rxa5 24. Bxc7 Rxc5 25.
Rxd7 Qxd7 26. Nf7+ Kg8 27. Nh6+ Kh8 28. Nf7+ Kg8 29. Ng5+ Kh8 30. Be5 Ng4 31. Rd1 Qe7 32. Nf7+ Kg8 33. Nh6+ Kf8 34. Qg8# 1-0

[Event "*** SCC Grand Prix: Titled Tuesday Blitz"]
[Site "Chess.com"]
[Date "2020.10.13"]
[Round "1"]
[White "bugsbunny444"]
[Black "rasmussvane"]
[Result "0-1"]
[WhiteElo "2466"]
[BlackElo "2904"]
[TimeControl "180+1"]
[EndTime "10:06:21 PDT"]
[Termination "rasmussvane won by resignation"]

1. Nf3 d5 2. c4 e6 3. g3 dxc4 4. Bg2 a6 5. Qc2 b5 6. Ne5 Ra7 7.
d3 cxd3 8. Nxd3 c5 9. Be3 Rc7 10.
Nxc5 Bxc5 11. Bxc5 Nd7 12. b4 Nxc5 13. bxc5 Qd4 14.
Qc3 Qxc5 15. Qxc5 Rxc5 16. Nd2 Nf6 17. Nb3 Rc7 18. Kd2 Ke7 19. Rhc1 Rd8+ 20. Ke1 Rdd7 21. Nc5 Rd4 22. Nb3 Rdc4 23. Kd2 e5 24. h3 Bf5 25. e3 Rc2+ 26. Rxc2 Rxc2+ 27. Ke1 Bd3 28. a4 Re2+ 29. Kd1 Rxf2 30. Bb7 bxa4 31. Nc5 Rf1+ 0-1

[Event "*** SCC Grand Prix: Titled Tuesday Blitz"]
[Site "Chess.com"]
[Date "2020.10.13"]
[Round "1"]
[White "Lucas_Tomiello"]
[Black "Aleksey_Sorokin"]
[Result "0-1"]
[WhiteElo "2423"]
[BlackElo "2825"]
[TimeControl "180+1"]
[EndTime "10:06:21 PDT"]
[Termination "Aleksey_Sorokin won by resignation"]

1. e4 c6 2. d4 d5 3. Nc3 dxe4 4. Nxe4 Bf5 5. Ng3 Bg6 6. h4 h6 7. Nf3 e6 8. h5 Bh7 9. Bd3 Bxd3 10. Qxd3 Nf6 11. Bd2 c5 12. O-O-O Nc6 13. Qb5 Qb6 14. Qxb6 axb6 15. Kb1 cxd4 16. Bf4 Bc5 17. Ne5 O-O 18. Nxc6 bxc6 19. Be5 Rfd8 20. Bxf6 gxf6 21. Ne4 f5 22.
Nxc5 bxc5 23. c3 Rd5 24. c4 Rd7 25. Rhg1 Kg7 26. g4 Kf6 27. gxf5 Kxf5 28. Rg3 e5 29.
Rf3+ Ke6 30. Rg1 e4 31. Rfg3 Ke5 32. Rg7 Raa7 33. Rh7 f5 34. Rxh6 Rg7 35. Rxg7 Rxg7 36. Rxc6 e3 37. fxe3 dxe3 38. Rxc5+ Ke4 39. h6 Rg1+ 40.
Kc2 e2 41. h7 Rh1 42. Rc7 Kf3 43. Re7 Rxh7 0-1

[Event "*** SCC Grand Prix: Titled Tuesday Blitz"]
[Site "Chess.com"]
[Date "2020.10.13"]
[Round "1"]
[White "blitzking1729"]
[Black "oogee"]
[Result "0-1"]
[WhiteElo "2547"]
[BlackElo "2259"]
[TimeControl "180+1"]
[EndTime "10:06:21 PDT"]
[Termination "oogee won by resignation"]

1. d4 Nf6 2. Bg5 Ne4 3. Bf4 c5 4. f3 Nf6 5. dxc5 Qa5+ 6. Nc3 Qxc5 7. e4 Nc6 8. Qd2 d6 9. O-O-O Be6 10. Nge2 g6 11. Be3 Qa5 12. Nd4 Bxa2 13. Bb5 Rc8 14. Nxa2 Qxa2 15. Qc3 Bg7 16. Nxc6 Kf8 17. Nb4 Qa1+ 18.
Kd2 Nxe4+ 19. fxe4 Bxc3+ 20. Ke2 Qxb2 21. Bd7 Bxb4 22. Bxc8 Qxc2+ 23. Kf3 Qxc8 24. Rb1 a5 25. Rhc1 Qe6 26. Bh6+ Ke8 27. Rc2 Kd7 28. Rbc1 Bc5 29. Be3 b6 30. Bxc5 bxc5 31. Rb2 Ra8 32. Rcb1 Qc4 33.
Rb7+ Ke6 0-1

[Event "*** SCC Grand Prix: Titled Tuesday Blitz"]
[Site "Chess.com"]
[Date "2020.10.13"]
[Round "1"]
[White "ElMosho7u7r"]
[Black "Lion-Al-Messi"]
[Result "0-1"]
[WhiteElo "2159"]
[BlackElo "2542"]
[TimeControl "180+1"]
[EndTime "10:06:22 PDT"]
[Termination "Lion-Al-Messi won by resignation"]

1. e4 e6 2. d4 d5 3. exd5 exd5 4. Bd3 Nc6 5. c3 Bd6 6. h3 Nge7 7. Qf3 Be6 8. Ne2 Qd7 9. Bf4 f6 10. Nd2 Ng6 11. Bxd6 Qxd6 12. g3 Nge7 13. O-O-O a6 14. Rde1 O-O 15. Nf4 Bf7 16. h4 b5 17. h5 b4 18. Nb3 bxc3 19. bxc3 Qa3+ 20. Kb1 Rab8 21. Bc2 a5 22. h6 g6 23. Nh5 Nf5 24. Nxf6+ Kh8 25. Bxf5 Rxb3+ 26. axb3 Qxb3+ 27. Kc1 gxf5 28. Kd2 Qb2+ 29. Kd1 f4 30. Qe2 Qxc3 31. Qd2 Qf3+ 32. Kc2 Nb4+ 0-1

[Event "*** SCC Grand Prix: Titled Tuesday Blitz"]
[Site "Chess.com"]
[Date "2020.10.13"]
[Round "1"]
[White "AldokhinIvan"]
[Black "Alexandercs432"]
[Result "1-0"]
[WhiteElo "2552"]
[BlackElo "2178"]
[TimeControl "180+1"]
[EndTime "10:06:24 PDT"]
[Termination "AldokhinIvan won on time"]

1. e4 e5 2. Nf3 Nf6 3. d4 Nxe4 4. Bd3 d5 5. Nxe5 Nd7 6. Qe2 Nxe5 7. Bxe4 dxe4 8.
Qxe4 Be7 9. dxe5 O-O 10. Nc3 c6 11. Bf4 Be6 12. O-O Qb6 13. b3 Rad8 14. Rad1 Rxd1 15. Rxd1 Rd8 16. Rxd8+ Qxd8 17. h3 Qa5 18. Qd3 h6 19. a4 Bb4 20. Ne4 Qd5 21. Qxd5 Bxd5 22. Ng3 Bf8 23. f3 Be6 24. Ne4 Bf5 25. Be3 a6 26. Kf2 Be7 27. Ke2 Kf8 28. Kd3 Ke8 29. g4 Bg6 30. f4 Kd7 31. f5 Bh7 32. Bc5 Bxc5 33. Nxc5+ Kc7 34. a5 Kc8 35. Kd4 Bg8 36.
Ne4 Kc7 37. Nd6 Kb8 38. Ne8 Kc8 39. Nxg7 1-0

[Event "*** SCC Grand Prix: Titled Tuesday Blitz"]
[Site "Chess.com"]
[Date "2020.10.13"]
[Round "1"]
[White "djogrodek1"]
[Black "catzapto"]
[Result "0-1"]
[WhiteElo "2500"]
[BlackElo "2162"]
[TimeControl "180+1"]
[EndTime "10:06:24 PDT"]
[Termination "catzapto won on time"]

1. e4 c5 2. Nf3 e6 3. d4 cxd4 4. Nxd4 Nf6 5. Nc3 Bb4 6. e5 Nd5 7. Qg4 Nxc3 8. a3 Qa5 9. Qxg7 Rf8 10. axb4 Qxa1 11. Nb3 Qb1 12. bxc3 Qxc2 13. Bh6 Qxc3+ 14. Nd2 Qxb4 15. Be2 d5 16. exd6 Nd7 17. O-O Qxd6 18.
Ne4 Qe5 19. Qg4 Nf6 20. Nxf6+ Qxf6 21. Bb5+ Bd7 22. Bxd7+ Kxd7 23. Rd1+ Kc7 24. Qc4+ Kb6 25. Be3+ Ka5 26. Qc5+ b5 27. Qc7+ Kb4 28. Rb1+ Ka4 0-1

[Event "*** SCC Grand Prix: Titled Tuesday Blitz"]
[Site "Chess.com"]
[Date "2020.10.13"]
[Round "1"]
[White "MaxLeto"]
[Black "NewBornNow"]
[Result "0-1"]
[WhiteElo "2306"]
[BlackElo "2639"]
[TimeControl "180+1"]
[EndTime "10:06:27 PDT"]
[Termination "NewBornNow won on time"]

1. e4 c5 2. Nc3 d6 3. Nf3 Nf6 4. Bc4 e6 5. O-O Be7 6. d4 cxd4 7. Nxd4 a6 8. Re1 b5 9. Bb3 O-O 10. Bg5 Bb7 11. f3 Nc6 12. Nxc6 Bxc6 13. Kh1 a5 14. a4 b4 15. Nb5 Bxb5 16. axb5 Qb6 17. Qd3 Nxe4 18.
fxe4 Bxg5 19. Rad1 Rad8 20. c3 bxc3 21. bxc3 Bf6 22. c4 Be5 23. h3 Ra8 24. Ba4 Rfc8 25.
Rc1 Qc5 26. Qe2 Qb4 27. Qc2 Rc5 28. Re3 Rac8 29. Bb3 a4 30. Ba2 Qxb5 31. Rb1 Qc6 32. Ra3 Ra8 0-1

[Event "*** SCC Grand Prix: Titled Tuesday Blitz"]
[Site "Chess.com"]
[Date "2020.10.13"]
[Round "1"]
[White "korkmaz16"]
[Black "swimmerchess"]
[Result "0-1"]
[WhiteElo "2404"]
[BlackElo "2775"]
[TimeControl "180+1"]
[EndTime "10:06:29 PDT"]
[Termination "swimmerchess won on time"]

1. e4 c5 2. Nc3 a6 3. f4 b5 4. Nf3 Bb7 5. d3 e6 6. g3 Nf6 7.
Bg2 b4 8. Ne2 d5 9. e5 Nfd7 10.
d4 Nc6 11. Be3 a5 12. O-O a4 13. c3 a3 14. b3 Qb6 15. Rc1 Ba6 16. c4 dxc4 17. d5 exd5 18. Qxd5 Rd8 19. Ng5 Ndxe5 20. Qe4 f6 21. fxe5 Nxe5 22. Nf3 Bb7 23. Qxb7 Qxb7 24. Nxe5 Qc7 25. Nxc4 Be7 26. Nf4 O-O 27. Ne6 Qd7 28. Nxf8 Bxf8 29. Rfd1 Qxd1+ 30. Rxd1 Rxd1+ 31. Kf2 Ra1 32. Bd5+ Kh8 33. h4 Rxa2+ 34. Kf3 Rc2 35. Be4 Rxc4 36. bxc4 a2 37. Bd4 cxd4 38. Bb1 axb1=Q 0-1

[Event "*** SCC Grand Prix: Titled Tuesday Blitz"]
[Site "Chess.com"]
[Date "2020.10.13"]
[Round "1"]
[White "gurelediz"]
[Black "BJthechessgod"]
[Result "1-0"]
[WhiteElo "2597"]
[BlackElo "2261"]
[TimeControl "180+1"]
[EndTime "10:06:29 PDT"]
[Termination "gurelediz won by resignation"]

1. e4 c5 2. Nf3 Nc6 3. d4 cxd4 4. Nxd4 g6 5. Nc3 Bg7 6. Nb3 d6 7. Bd3 Nf6 8. O-O O-O 9. f4 Nd7 10. Be3 b6 11. Qe1 Nc5 12. Qh4 Bb7 13. Rf3 e5 14.
Qxd8 Raxd8 15. f5 gxf5 16. Rxf5 Ne7 17. Rg5 Ng6 18. Rf1 f6 19. Rg3 Kf7 20. Bc4+ Ke7 21. Bd5 Bxd5 22. Nxd5+ Ke6 23. Nxc5+ dxc5 24. h4 f5 25.
exf5+ Kxd5 26. fxg6 Rxf1+ 27. Kxf1 hxg6 28. Rxg6 Ke4 29. Ke2 Bf8 30. h5 c4 31. h6 Bc5 32. Bxc5 bxc5 33.
g4 Kf4 34. g5 e4 35. h7 e3 36. Rg8 Rd2+ 37. Ke1 Kf3 38. Rf8+ Kg2 39. h8=Q Rf2 40. Re8 Kf3 41. Qh3+ 1-0

[Event "*** SCC Grand Prix: Titled Tuesday Blitz"]
[Site "Chess.com"]
[Date "2020.10.13"]
[Round "1"]
[White "youngKID"]
[Black "maxip32"]
[Result "1-0"]
[WhiteElo "2810"]
[BlackElo "2417"]
[TimeControl "180+1"]
[EndTime "10:06:32 PDT"]
[Termination "youngKID won by resignation"]

1. Nf3 Nf6 2. g3 g6 3. Bg2 Bg7 4. c4 O-O 5. Nc3 d6 6. d4 Nbd7 7. O-O e5 8. e4 exd4 9. Nxd4 Nc5 10. h3 Re8 11. Re1 a5 12. Rb1 Bd7 13. b3 Qc8 14. Kh2 h5 15. Bf4 Ne6 16. Nxe6 Bxe6 17. Qd2 Bd7 18.
Bh6 Bc6 19. Bxg7 Kxg7 20. Qd4 Qe6 21. f4 Kh7 22. Rbc1 Nd7 23. Nd5 Rac8 24. a3 h4 25. g4 g5 26. fxg5 Bxd5 27. exd5 Qxe1 28. Rxe1 Rxe1 29. Qf2 Re7 30. Qxh4+ Kg8 31. g6 f6 32. g5 fxg5 33. Qxg5 Rce8 34. h4 Re5 35. Qh6 Nf6 36. Bh3 Re2+ 37. Kg1 Re1+ 38. Kf2 Rh1 39. Kg2 Rhe1 40. Be6+ R8xe6 41. dxe6 Re2+ 42. Kf1 Rf2+ 43. Kxf2 Ng4+ 44. Ke1 Nxh6 45. e7 1-0

[Event "*** SCC Grand Prix: Titled Tuesday Blitz"]
[Site "Chess.com"]
[Date "2020.10.13"]
[Round "1"]
[White "picturesquecheck"]
[Black "Kavyev_Ruslan"]
[Result "0-1"]
[WhiteElo "2219"]
[BlackElo "2563"]
[TimeControl "180+1"]
[EndTime "10:06:32 PDT"]
[Termination "Kavyev_Ruslan won by resignation"]

1. e4 c5 2. Nf3 d6 3. d4 cxd4 4. Nxd4 Nf6 5. Nc3 a6 6. Be3 e5 7. Nb3 Be6 8. f3 h5 9. Qd2 Nbd7 10. Nd5 Bxd5 11. exd5 g6 12. O-O-O Nb6 13. Qa5 Bh6 14.
Bxh6 Rxh6 15. Kb1 Kf8 16. c4 Nbd7 17. Qd2 Kg7 18. Bd3 Rh8 19. h3 h4 20. Rhe1 Nh5 21.
Bc2 Rc8 22. Bd3 Qf6 23. Rc1 b6 24. Qb4 Nf4 25. Bf1 Rc7 26. Ka1 Rhc8 27. Nd2 Nxd5 28. Qa3 Qe7 29. Ne4 Nc5 30. cxd5 Nxe4 31. Rxc7 Qxc7 32.
Qe3 Nc5 33. Kb1 b5 34. Rc1 Qd8 35. b4 Na4 36. Bd3 Rxc1+ 37. Qxc1 Qb6 38. Qd2 Qd4 39. f4 Nc3+ 40. Kc2 Nxd5 41. fxe5 Nxb4+ 42. Kb3 Qxd3+ 43. Qxd3 Nxd3 44. exd6 Kf6 45. Kc3 Ne5 46. Kd4 Ke6 47. d7 Nxd7 0-1

[Event "*** SCC Grand Prix: Titled Tuesday Blitz"]
[Site "Chess.com"]
[Date "2020.10.13"]
[Round "1"]
[White "Gahan-MG"]
[Black "ExcitingTrap"]
[Result "0-1"]
[WhiteElo "2600"]
[BlackElo "2296"]
[TimeControl "180+1"]
[EndTime "10:06:33 PDT"]
[Termination "ExcitingTrap won by resignation"]

1. e4 e6 2. b3 d5 3. Bb2 Nf6 4. e5 Nfd7 5. c4 c5 6. cxd5 exd5 7. Nf3 Nc6 8. d4 cxd4 9. Bxd4 Bb4+ 10. Nc3 O-O 11.
a3 Bxc3+ 12. Bxc3 Ndxe5 13. Nxe5 Nxe5 14. Be2 Nc6 15. O-O d4 16. Bb2 Bf5 17. b4 d3 18.
Bf3 Rb8 19. Re1 Nd4 20. Re5 Bg6 21. Bg4 Qd6 22. Rc5 Rfe8 23. h4 h6 24. h5 Bh7 25.
Rc4 Ne2+ 26. Kh1 Rbd8 27. Qd2 Qb6 28. Rc5 Qd6 29. Re1 Qf4 30. Qxf4 Nxf4 31. Rd1 d2 32. Bc3 Nd3 33. Rxd2 Nxc5 34. Rxd8 Rxd8 35. bxc5 Be4 36. Kh2 Bc6 37. Kg3 Rd3+ 0-1

[Event "*** SCC Grand Prix: Titled Tuesday Blitz"]
[Site "Chess.com"]
[Date "2020.10.13"]
[Round "1"]
[White "pastouche06"]
[Black "akanga001"]
[Result "1-0"]
[WhiteElo "2498"]
[BlackElo "1841"]
[TimeControl "180+1"]
[EndTime "10:06:33 PDT"]
[Termination "pastouche06 won on time"]

1. d4 d5 2. c4 e6 3. Nc3 Be7 4.
cxd5 exd5 5. Bf4 c6 6. e3 Nf6 7.
Bd3 O-O 8. h3 Re8 9. Nf3 Nbd7 10. O-O Nf8 11. Rb1 a5 12. a3 Ne6 13. Bh2 Bd6 14.
Bxd6 Qxd6 15. Ne5 b5 16. f4 b4 17. axb4 axb4 18. Na4 Ne4 19. Bxe4 dxe4 20. Rc1 Bb7 21. Nc5 Nxc5 22. Rxc5 f6 23. Nc4 Qe6 24. Na5 Qf7 25. Qd2 Ba6 26. Rfc1 Bd3 27. Nxc6 b3 28. d5 Bc2 29. Nd4 Qe7 30. Qc3 Qd6 31. Nxc2 bxc2 32. Rxc2 Ra1+ 33. Kh2 g5 34. g3 gxf4 35. gxf4 Kh8 36.
Rc6 Qf8 37. Rxf6 Qg7 38. Rg2 1-0

[Event "*** SCC Grand Prix: Titled Tuesday Blitz"]
[Site "Chess.com"]
[Date "2020.10.13"]
[Round "1"]
[White "IANOV0007"]
[Black "tigra"]
[Result "0-1"]
[WhiteElo "2445"]
[BlackElo "2844"]
[TimeControl "180+1"]
[EndTime "10:06:35 PDT"]
[Termination "tigra won by resignation"]

1. Nf3 d5 2. g3 Nf6 3. Bg2 Bf5 4. O-O e6 5. d3 h6 6. c4 Nbd7 7. Be3 c6 8. Qb3 Qb8 9. cxd5 exd5 10. Rc1 Bd6 11.
Nc3 O-O 12. Na4 Bg4 13. Nc5 Nxc5 14. Bxc5 Bxc5 15. Rxc5 Re8 16. Rc2 Qc7 17. Rac1 Qe7 18. a4 a5 19. Qb6 Ra6 20. Qd4 Bh5 21. h3 Nd7 22. e4 dxe4 23. dxe4 Rb6 24. Rd2 Bxf3 25.
Bxf3 Ne5 26. Bd1 Rb4 27. Qa7 Rxe4 28. Qxa5 Re1+ 29. Kg2 Nf3 30. Bxf3 Rxc1 31. Re2 Qd7 32. Rxe8+ Qxe8 33. Qd2 Qe1 34. Qxe1 Rxe1 35. a5 Rb1 36. a6 bxa6 37. Bxc6 Rxb2 38. Kf3 a5 39. Ke3 g6 40. h4 h5 41. f3 Kg7 42. Bd7 Rb3+ 43. Ke4 Ra3 44. g4 a4 45. gxh5 gxh5 46. Kf4 Ra1 47.
Ke3 a3 48. Kd2 a2 0-1

[Event "*** SCC Grand Prix: Titled Tuesday Blitz"]
[Site "Chess.com"]
[Date "2020.10.13"]
[Round "1"]
[White "ViditYT"]
[Black "NiranjanNavalgund"]
[Result "1-0"]
[WhiteElo "2843"]
[BlackElo "2442"]
[TimeControl "180+1"]
[EndTime "10:06:35 PDT"]
[Termination "ViditYT won by resignation"]

1. d4 Nf6 2. c4 e6 3. Nf3 d5 4.
Nc3 c5 5. cxd5 exd5 6. Bg5 Be6 7. e3 Nc6 8. dxc5 Bxc5 9. Be2 O-O 10. O-O Be7 11.
Rc1 Rc8 12. a3 h6 13. Bh4 Qa5 14. Nb5 Rfd8 15. Nbd4 Qb6 16. Nxe6 fxe6 17. b4 Ne4 18. Rxc6 Rxc6 19. Bxe7 Rdc8 20. Nd4 R6c7 21. Bh4 Nc3 22. Qd2 Nxe2+ 23. Qxe2 e5 24. Nf3 Qe6 25. Bg3 Rc2 26.
Qb5 Rc1 27. Bxe5 Rxf1+ 28. Qxf1 Rc2 29. Nd4 Qxe5 30. Nxc2 Qb2 31. Qd1 Kh8 32. g3 1-0

[Event "*** SCC Grand Prix: Titled Tuesday Blitz"]
[Site "Chess.com"]
[Date "2020.10.13"]
[Round "1"]
[White "Tooweak2slow03"]
[Black "Sergienko_Sergey"]
[Result "1-0"]
[WhiteElo "2763"]
[BlackElo "2398"]
[TimeControl "180+1"]
[EndTime "10:06:35 PDT"]
[Termination "Tooweak2slow03 won by resignation"]

1. e4 c5 2. Nf3 a6 3. c4 e6 4. Nc3 d6 5. d4 cxd4 6. Nxd4 Nf6 7. Be2 Be7 8. O-O O-O 9. Be3 Qc7 10. Qd2 b6 11. f3 Bb7 12. Rfc1 Nbd7 13. a3 Rac8 14. b4 Qb8 15. Rab1 Rfe8 16. Nb3 Bd8 17. Na4 Bc7 18. g3 Bc6 19. b5 axb5 20. cxb5 Ba8 21. Nd4 Ne5 22. f4 Nxe4 23. Qb4 Ng6 24. Nc6 Bxc6 25. Rxc6 d5 26. Nxb6 Bxb6 27. Rxb6 Qa7 28. Rb3 Rc1+ 29.
Bxc1 Qxb6+ 30. Be3 Qd8 31. b6 e5 32. b7 Qb8 33.
Kf1 d4 34. fxe5 Nxg3+ 35. hxg3 dxe3 36. Qd6 Nxe5 37. Qxb8 Rxb8 38. Rc3 1-0